 Dungeon Crawl Stone Soup version 0.25-a0-294-gea9b1ad (webtiles) character file.

Game seed: 10498422662481928855, levelgen mode: deterministic

96 15 the Gusty (level 4, -33/25 HPs)
             Began as a Tengu Air Elementalist on Dec 17, 2019.
             Killed from afar by a goblin (43 damage)
             ... with an exploding inner flame
             ... led by Robin
             ... hexed by the player character
             ... on level 2 of the Dungeon.
             The game lasted 00:06:48 (1446 turns).

15 the Gusty (Tengu Air Elementalist)               Turns: 1446, Time: 00:06:48

Health: -33/25     AC:  2    Str:  9    XL:     4   Next: 67%
Magic:  0/8        EV: 13    Int: 15    God:
Gold:   98         SH:  0    Dex: 15    Spells: 1/7 levels left

rFire    . . .     SeeInvis .   g - +0 mace
rCold    . . .     Gourm    .   (no shield)
rNeg     . . .     Faith    .   a - +0 robe
rPois    .         Spirit   .   (helmet restricted)
rElec    .         Reflect  .   (no cloak)
rCorr    .         Harm     .   (no gloves)
MR       .....                  (boots unavailable)
Stlth    ++........             (no amulet)
HPRegen  0.08/turn              (no ring)
MPRegen  0.11/turn              (no ring)

@: no status effects
A: beak, talons 3
a: no special abilities


You were on level 2 of the Dungeon.
You were not hungry.

You visited 1 branch of the dungeon, and saw 2 of its levels.

You collected 98 gold pieces.

Inventory:

Hand Weapons
 g - a +0 mace (weapon)
Armour
 a - a +0 robe (worn)
Scrolls
 b - 2 scrolls of remove curse
Comestibles
 c - 2 rations
 f - 8 chunks of flesh


   Skills:
 * Level 1.0 Fighting
 + Level 0.6 Maces & Flails
 * Level 1.3 Armour
 * Level 2.8 Dodging
 + Level 2.2 Stealth
 + Level 2.3 Spellcasting
 * Level 2.2 Conjurations
 * Level 5.0 Air Magic


You had one spell level left.
You knew the following spells:

 Your Spells              Type           Power        Failure   Level  Hunger
a - Shock                 Conj/Air       ##..         4%          1    #......
b - Swiftness             Chrm/Air       #.......     12%         2    ###....
c - Static Discharge      Conj/Air       ##......     14%         3    ###....

Your spell library contained the following spells:

 Spells                   Type           Power        Failure   Level  Hunger
 Airstrike                Air            ###.......   26%         4    #####..
 Lightning Bolt           Conj/Air       ##........   80%         5    ######.


Dungeon Overview and Level Annotations

Branches:
Dungeon (2/15)

Altars:

Annotations:
D:2 Robin


Innate Abilities, Weirdness & Mutations

You have a beak for a mouth.
You have claws for feet.


Message History

The goblin misses you.
You aren't carrying any potions.
As you read the scroll labeled SOYCUJ JIGU, it crumbles to dust.
You feel blessed for a moment.
It was a scroll of remove curse.
The goblin barely misses you.
As you read the scroll labeled GEAFOXKAIVO, it crumbles to dust.
The creatures around you are filled with an inner flame!
It was a scroll of immolation.
The goblin closely misses you.
You miss the goblin. Your kick misses the goblin.
The goblin is heavily wounded.
The goblin closely misses you.
You sock the goblin!
The goblin explodes!
The fiery explosion engulfs the hobgoblin!!
The hobgoblin explodes!
The fiery explosion engulfs the goblin!
The goblin explodes!
The fiery explosion engulfs you!!!
Ouch! That really hurt!
You die...

#.......#>..#.#(g#.###.
#.......#####.#..#+#####
#....[........###).....#
#...............'.%....#
#.......#########§.....#
...............§§§....>#
################§######..
#§# .. #@# . #(# ###(#
#...# #####


There were no monsters in sight!

Vanquished Creatures
  5 adders (D:2)
  2 worms (D:2)
  A dart slug (D:1)
  A leopard gecko (D:2)
  A ball python (D:1)
  4 bats (D:1)
  A giant cockroach (D:1)
  4 hobgoblins
  4 jackals (D:2)
  5 kobolds (D:1)
  3 frilled lizards
  8 goblins
  7 rats
46 creatures vanquished.

Notes
Turn   | Place    | Note
-------+----------+-------------------------------------------
     0 | D:1      | 15 the Tengu Air Elementalist began the quest for the Orb.
     0 | D:1      | Reached XP level 1. HP: 10/10 MP: 4/4
     3 | D:1      | Noticed an electric eel
     3 | D:1      | Noticed an electric eel
   140 | D:1      | Reached XP level 2. HP: 7/15 MP: 1/6
   752 | D:1      | Reached skill level 1 in Armour
   933 | D:2      | Learned a level 2 spell: Swiftness
   939 | D:2      | Reached XP level 3. HP: 19/19 MP: 0/7
   948 | D:2      | Learned a level 3 spell: Static Discharge
  1263 | D:2      | Reached XP level 4. HP: 12/24 MP: 2/8
  1404 | D:2      | Reached skill level 1 in Fighting
  1419 | D:2      | Reached skill level 5 in Air Magic
  1421 | D:2      | Noticed Robin
  1446 | D:2      | Killed from afar by a goblin

Levels and vault maps discovered:
D:1:      arrival_aquarium_b, layout_basic, minmay_heptomino_w4
D:2:      layout_basic, uniq_sigmund, uniq_robin

Skill      XL: |  1  2  3  4 |
---------------+-------------+-----
Armour         | 1 |  1.3
Conjurations   | 2 |  2.2
Fighting       | 1 |  1.0
Air Magic      | 5 |  5.0
Maces & Flails | |  0.6
Dodging        | |  2.8
Stealth        | |  2.2
Spellcasting   | |  2.3

Action                   |  1- 3 |  4- 6 || total
-------------------------+-------+-------++-------
Melee: Unarmed           |    12 |       ||    12
       Kick              |     6 |       ||     6
       Peck              |     2 |       ||     2
       Whip              |    14 |       ||    14
       Mace              |    13 |     6 ||    19
 Cast: Shock             |    33 |    21 ||    54
       Swiftness         |     1 |       ||     1
       Static Discharge  |     1 |       ||     1
  Use: Scroll            |       |     2 ||     2
       Potion            |       |     1 ||     1
 Stab: Sleeping          |     5 |       ||     5
  Eat: Chunk             |     2 |     1 ||     3
Armor: Robe              |    10 |     1 ||    11
Dodge: Dodged            |    33 |    20 ||    53

Table legend:
 A = Non-vault XP
 B = Vault XP
 C = Vault XP percentage of total XP
 D = Non-vault monster count
 E = Vault monster count
 F = Vault count percentage of total count
                 A         B        C        D         E       F
            +---------+---------+-------+---------+---------+-------
      Total |     123 |      15 |  10.9 |      36 |      10 |  21.7
            +---------+---------+-------+---------+---------+-------
        D:1 |      27 |       4 |  12.9 |      16 |       4 |  20.0
        D:2 |      96 |      11 |  10.3 |      20 |       6 |  23.1
            +---------+---------+-------+---------+---------+-------
